[ AOE2 MATCH · #504829903 ]
UnrankedSicilians vs Franks
Player's team · LOSS
Rival team · WIN
[ REPLAY ANALYSIS · EXTRACTED FROM THE RECORDED GAME ]
Feudal
—
Castle
—
Imperial
—
| APM avg | 39.7 |
| APM peak | 111 |
| eAPM avg | 21.1 |
| Villagers / military | 34 / 0 |
Focus
⚔️ 18.4% · 🌾 81.6%
Feudal
11:23
Castle
—
Imperial
—
| APM avg | 33.1 |
| APM peak | 68 |
| eAPM avg | 15.5 |
| Villagers / military | 33 / 0 |
Focus
⚔️ 14.5% · 🌾 85.5%
Match map
Initial resources + every placement click. Lines = walls · curves = elevation contours. ◆ gold · ⬟ stone · ● berries · ✦ relic · ◌ wall gap
Your base· ✓ Closed at 12:00 · 0t walls · 2 gate(s)
Kapradi's base· ✓ Closed at 12:00 · 8t walls · 2 gate(s)
Smoothed initial terrain · ◌ = detected wall gap · hover for details
Inputs per minute
— Papapishu8352 - - Kapradi
Build order — Papapishu8352
46 actions detected in the replay
| 0:00 | Queue | Villager (Male) |
| 0:01 | Queue | Villager (Male) |
| 0:02 | Build | House |
| 0:05 | Build | House |
| 0:13 | Queue | Villager (Male) |
| 0:13 | Queue | Villager (Male) |
| 1:29 | Queue | Villager (Male) |
| 1:51 | Build | Lumber Camp |
| 1:52 | Queue | Villager (Male) |
| 2:18 | Queue | Villager (Male) |
| 2:18 | Queue | Villager (Male) |
| 2:42 | Queue | Villager (Male) |
| 2:42 | Queue | Villager (Male) |
| 3:06 | Queue | Villager (Male) |
| 3:07 | Queue | Villager (Male) |
| 3:26 | Build | House |
| 3:27 | Build | House |
| 3:31 | Queue | Villager (Male) |
| 3:31 | Queue | Villager (Male) |
| 4:30 | Queue | Villager (Male) |
| 4:30 | Queue | Villager (Male) |
| 5:24 | Queue | Villager (Male) |
| 5:29 | Research | Loom |
| 5:30 | Queue | Villager (Male) |
| 6:21 | Queue | Villager (Male) |
| 7:05 | Queue | Villager (Male) |
| 7:14 | Build | Mill |
| 7:20 | Queue | Villager (Male) |
| 7:54 | Queue | Villager (Male) |
| 8:11 | Build | Town Center |
| 8:57 | Queue | Villager (Male) |
| 9:07 | Build | House |
| 9:23 | Queue | Villager (Male) |
| 9:40 | Queue | Villager (Male) |
| 10:58 | Build | Town Center |
| 12:01 | Queue | Villager (Male) |
| 12:17 | Queue | Villager (Male) |
| 12:39 | Queue | Villager (Male) |
| 13:09 | Queue | Villager (Male) |
| 13:43 | Queue | Villager (Male) |
| 14:37 | Build | Town Center |
| 15:16 | Queue | Villager (Male) |
| 15:30 | Build | Mining Camp |
| 16:34 | Queue | Villager (Male) |
| 17:12 | Queue | Villager (Male) |
| 17:39 | Queue | Villager (Male) |
Build order — Kapradi
54 actions detected in the replay
| 0:01 | Queue | Villager (Male) |
| 0:02 | Queue | Villager (Male) |
| 0:02 | Build | House |
| 0:04 | Build | House |
| 0:05 | Queue | Villager (Male) |
| 0:05 | Queue | Villager (Male) |
| 1:37 | Queue | Villager (Male) |
| 1:37 | Queue | Villager (Male) |
| 1:45 | Build | Lumber Camp |
| 2:14 | Queue | Villager (Male) |
| 2:15 | Queue | Villager (Male) |
| 2:20 | Queue | Villager (Male) |
| 2:20 | Queue | Villager (Male) |
| 2:56 | Queue | Villager (Male) |
| 2:57 | Queue | Villager (Male) |
| 3:12 | Queue | Villager (Male) |
| 3:12 | Queue | Villager (Male) |
| 3:51 | Queue | Villager (Male) |
| 3:51 | Queue | Villager (Male) |
| 4:03 | Build | House |
| 4:06 | Build | House |
| 4:21 | Queue | Villager (Male) |
| 4:21 | Queue | Villager (Male) |
| 4:31 | Build | Mill |
| 4:51 | Queue | Villager (Male) |
| 5:23 | Queue | Villager (Male) |
| 5:44 | Queue | Villager (Male) |
| 6:18 | Queue | Villager (Male) |
| 6:21 | Queue | Villager (Male) |
| 6:51 | Queue | Villager (Male) |
| 7:06 | Queue | Villager (Male) |
| 7:47 | Build | Barracks |
| 7:52 | Queue | Villager (Male) |
| 8:03 | Queue | Villager (Male) |
| 8:32 | Build | House |
| 8:34 | Build | House |
| 8:37 | Queue | Villager (Male) |
| 8:58 | Queue | Villager (Male) |
| 9:11 | Research | Feudal Age |
| 9:15 | Research | Loom |
| 9:19 | Build | Mining Camp |
| 9:31 | Build | House |
| 9:35 | Build | Palisade Wall |
| 10:38 | Build | House |
| 11:23 | Age | Feudal Age |
| 11:40 | Build | Watch Tower |
| 11:49 | Build | Market |
| 12:06 | Queue | Villager (Male) |
| 12:06 | Queue | Villager (Male) |
| 12:42 | Research | Double-Bit Axe |
| 13:16 | Build | Watch Tower |
| 15:23 | Queue | Villager (Male) |
| 15:23 | Queue | Villager (Male) |
| 18:10 | Build | Mining Camp |
Match timeline
| 7:47 | Kapradi · first_building Barracks |
| 9:35 | Kapradi · wall_segment Palisade Wall x8 |
| 11:23 | Kapradi · age_up feudal |
| 13:05 | Kapradi · first_market_sell 100 food |
| 13:08 | Kapradi · first_market_buy 100 wood |
| 18:39 | Papapishu8352 · resign |
[ AI ANALYSIS · 1 CREDIT ]
What really happened in this match?
Wolo.gg analyzes every decision: build order, eco, micro, common mistakes by bracket. Personalized analysis on WhatsApp or Discord in 30 seconds.
Civ guide
Sicilians
Perfil
Jugador #19470619